TOP OF THE 1ST |
Houston Colt .45's batting - Pitching for Colorado Avalanche : RHP Justin Garrett
|
Pitching: RHP Justin Garrett
|
|
Batting: RHB Jarno van Lente
|
0-0: Ground out 4-3 (Groundball, 4, EV 88.1 MPH)
|
Batting: SHB Chris Keziah
|
0-0: Ball 1-0: Ball 2-0: Ball 3-0: Base on Balls
|
Batting: RHB Bobby Dunn
|
0-0: Called Strike 0-1: Ball 1-1: Ball 2-1: Ball 3-1: Base on Balls Chris Keziah to second
|
Batting: LHB Bob Dietz
|
0-0: Ball 1-0: Ball 2-0: Ball 3-0: Called Strike 3-1: Foul Ball, location: 2F 3-2: Fly out, F8 (Flyball, 78S, EV 85.0 MPH)
|
Batting: RHB Juan Mendoza
|
0-0: Foul Ball, location: 2F 0-1: Ball 1-1: Foul Ball, location: 2F 1-2: Foul Ball, location: 2F 1-2: SINGLE (Line Drive, 8RS, EV 102.5 MPH) Chris Keziah to third Bobby Dunn to second Runner from 3rd tries for Home, SAFE, throw by CF to home Bobby Dunn to third Juan Mendoza to second
|
Batting: RHB Jason Monico
|
0-0: Ground out 6-3 (Groundball, 6, EV 85.0 MPH)
|
Top of the 1st over - 1 run, 1 hit, 0 errors, 2 left on base; Houston 1 - Colorado 0 |
BOTTOM OF THE 1ST |
Colorado Avalanche batting - Pitching for Houston Colt .45's : RHP Moises Hernandez Jr.
|
Pitching: RHP Moises Hernandez Jr.
|
|
Batting: LHB Georges Lambert
|
0-0: Foul Ball, location: 2F 0-1: Ball 1-1: Foul Ball, location: 2F 1-2: Ball 2-2: Foul Ball, location: 2F 2-2: Strikes out looking
|
Batting: RHB John Corfield
|
0-0: Called Strike 0-1: Called Strike 0-2: Ground out 5-3 (Groundball, 56, EV 87.5 MPH)
|
Batting: SHB Brad Madden
|
0-0: Ball 1-0: Ball 2-0: Foul Ball, location: 2F 2-1: Ball 3-1: Foul Ball, location: 2F 3-2: Base on Balls
|
Batting: RHB Kevin Tangeman
|
0-0: Foul Ball, location: 2F 0-1: Fly out, F3 (Flyball, 3D, EV 95.6 MPH)
|
Bottom of the 1st over - 0 runs, 0 hits, 0 errors, 1 left on base; Houston 1 - Colorado 0 |
TOP OF THE 2ND |
Houston Colt .45's batting - Pitching for Colorado Avalanche : RHP Justin Garrett
|
Batting: SHB Miguel Sierra
|
0-0: Ball 1-0: Foul Ball, location: 2F 1-1: Swinging Strike 1-2: Ball 2-2: Ground out 6-3 (Groundball, 6MD, EV 77.5 MPH)
|
Batting: RHB Russ Greer
|
0-0: Called Strike 0-1: SINGLE (Line Drive, 7S, EV 107.5 MPH)
|
Batting: RHB Erik Smith
|
0-0: SINGLE (Line Drive, 5D, EV 100.0 MPH) Russ Greer to second
|
Batting: RHB Jarno van Lente
|
0-0: Ball 1-0: Ball 2-0: Ball 3-0: Called Strike 3-1: Swinging Strike 3-2: Grounds into double play, 5-4-3 (Groundball, 56, EV 86.3 MPH)
|
Top of the 2nd over - 0 runs, 2 hits, 0 errors, 1 left on base; Houston 1 - Colorado 0 |
BOTTOM OF THE 2ND |
Colorado Avalanche batting - Pitching for Houston Colt .45's : RHP Moises Hernandez Jr.
|
Batting: RHB Carlos de Jesus
|
0-0: Swinging Strike 0-1: Ball 1-1: DOUBLE (Flyball, 78D, EV 100.0 MPH)
|
Batting: RHB Manny Thompson
|
0-0: Called Strike 0-1: Fly out, F8 (Flyball, 8LS, EV 88.8 MPH)
|
Batting: RHB Maurice Moore
|
0-0: Called Strike 0-1: Foul Ball, location: 2F 0-2: Foul Ball, location: 2F 0-2: Foul Ball, location: 2F 0-2: Foul Ball, location: 2F 0-2: Foul Ball, location: 2F 0-2: Ball Passed Ball! Carlos de Jesus to third 1-2: Strikes out looking
|
Batting: SHB Clayton Saunders
|
0-0: Ball 1-0: Foul Ball, location: 2F 1-1: Foul Ball, location: 2F 1-2: Strikes out swinging
|
Bottom of the 2nd over - 0 runs, 1 hit, 0 errors, 1 left on base; Houston 1 - Colorado 0 |
TOP OF THE 3RD |
Houston Colt .45's batting - Pitching for Colorado Avalanche : RHP Justin Garrett
|
Batting: SHB Chris Keziah
|
0-0: Ball 1-0: Called Strike 1-1: Ball 2-1: Ball 3-1: Base on Balls
|
Batting: RHB Bobby Dunn
|
0-0: Ball 1-0: Foul Ball, location: 2F 1-1: Ball 2-1: Ball 3-1: Foul Ball, location: 2F 3-2: Foul Ball, location: 2F 3-2: Fly out, F7 (Flyball, 7S, EV 88.1 MPH)
|
Batting: LHB Bob Dietz
|
0-0: Called Strike 0-1: Ball 1-1: Foul Ball, location: 2F 1-2: Fly out, F6 (Popup, 6, EV 51.9 MPH)
|
Batting: RHB Juan Mendoza
|
0-0: Called Strike 0-1: Ball 1-1: Ball 2-1: Foul Ball, location: 2F 2-2: Foul Ball, location: 2F 2-2: 2-RUN HOME RUN (Flyball, 78XD, EV 106.9 MPH), Distance : 444 ft
|
Batting: RHB Jason Monico
|
0-0: Ball 1-0: Foul Ball, location: 2F 1-1: Swinging Strike 1-2: Fly out, F7 (Flyball, 7, EV 83.8 MPH)
|
Top of the 3rd over - 2 runs, 1 hit, 0 errors, 0 left on base; Houston 3 - Colorado 0 |
BOTTOM OF THE 3RD |
Colorado Avalanche batting - Pitching for Houston Colt .45's : RHP Moises Hernandez Jr.
|
Batting: SHB Craig Ruzic
|
0-0: Called Strike 0-1: SINGLE (Line Drive, 6MD, EV 110.6 MPH)
|
Batting: LHB Georges Lambert
|
0-0: Ball Craig Ruzic steals 2nd, throwing error, E2 Craig Ruzic to third 1-0: Swinging Strike 1-1: Foul Ball, location: 2F 1-2: Strikes out swinging
|
Batting: RHB John Corfield
|
0-0: Foul Ball, location: 2F 0-1: Ball 1-1: Ball 2-1: Ball 3-1: Base on Balls
|
Batting: SHB Brad Madden
|
0-0: SINGLE (Groundball, 34D, EV 103.8 MPH) (infield hit) Craig Ruzic scores John Corfield to second
|
Batting: RHB Kevin Tangeman
|
0-0: Ball 1-0: Foul Ball, location: 2F 1-1: SINGLE (Groundball, 6S, EV 70.6 MPH) (infield hit) John Corfield to third Brad Madden to second
|
Batting: RHB Carlos de Jesus
|
0-0: Ball 1-0: Foul Ball, location: 2F 1-1: Ball 2-1: Foul Ball, location: 2F 2-2: Strikes out swinging
|
Batting: RHB Manny Thompson
|
0-0: Ball 1-0: Ball 2-0: Fly out, F9 (Flyball, 9LS, EV 91.9 MPH)
|
Bottom of the 3rd over - 1 run, 3 hits, 1 error, 3 left on base; Houston 3 - Colorado 1 |
TOP OF THE 4TH |
Houston Colt .45's batting - Pitching for Colorado Avalanche : RHP Justin Garrett
|
Pitching: RHP Kevin McKasson
|
|
Batting: SHB Miguel Sierra
|
0-0: Ball 1-0: Called Strike 1-1: Ground out U3 (Groundball, 3, EV 99.4 MPH)
|
Batting: RHB Russ Greer
|
0-0: Called Strike 0-1: Ball 1-1: Ground out 5-3 (Groundball, 56, EV 98.8 MPH)
|
Batting: RHB Erik Smith
|
0-0: Ball 1-0: SINGLE (Line Drive, 9S, EV 88.1 MPH)
|
Batting: RHB Jarno van Lente
|
0-0: Foul Ball, location: 2F 0-1: Fly out, F7 (Flyball, 7S, EV 91.3 MPH)
|
Top of the 4th over - 0 runs, 1 hit, 0 errors, 1 left on base; Houston 3 - Colorado 1 |
BOTTOM OF THE 4TH |
Colorado Avalanche batting - Pitching for Houston Colt .45's : RHP Moises Hernandez Jr.
|
Batting: RHB Maurice Moore
|
0-0: Ball 1-0: Ground out 3-1 (Groundball, 34, EV 103.1 MPH)
|
Batting: SHB Clayton Saunders
|
0-0: Foul Ball, location: 2F 0-1: Called Strike 0-2: Strikes out swinging
|
Batting: SHB Craig Ruzic
|
0-0: Ball 1-0: Ball 2-0: Foul Ball, location: 2F 2-1: Called Strike 2-2: Ground out 6-3 (Groundball, 6, EV 77.5 MPH)
|
Bottom of the 4th over - 0 runs, 0 hits, 0 errors, 0 left on base; Houston 3 - Colorado 1 |
TOP OF THE 5TH |
Houston Colt .45's batting - Pitching for Colorado Avalanche : RHP Kevin McKasson
|
Batting: SHB Chris Keziah
|
0-0: Called Strike 0-1: Called Strike 0-2: Ball 1-2: Ball 2-2: Foul Ball, location: 2F 2-2: Ball 3-2: Base on Balls
|
Batting: RHB Bobby Dunn
|
0-0: Called Strike 0-1: Ball 1-1: Fielders Choice at 2nd, 6-4 (Groundball, 56, EV 110.0 MPH)
|
Batting: LHB Bob Dietz
|
0-0: Ball 1-0: Foul Ball, location: 2F 1-1: Ball 2-1: Ball 3-1: Grounds into double play, 4-6-3 (Groundball, 4, EV 81.3 MPH)
|
Top of the 5th over - 0 runs, 0 hits, 0 errors, 0 left on base; Houston 3 - Colorado 1 |
BOTTOM OF THE 5TH |
Colorado Avalanche batting - Pitching for Houston Colt .45's : RHP Moises Hernandez Jr.
|
Batting: LHB Georges Lambert
|
0-0: Ball 1-0: Ball 2-0: Ball 3-0: Base on Balls
|
Batting: RHB John Corfield
|
0-0: Ball 1-0: Foul Ball, location: 2F 1-1: Called Strike 1-2: Ball 2-2: Ball 3-2: Fly out, F9 (Flyball, 9LD, EV 100.0 MPH)
|
Batting: SHB Brad Madden
|
0-0: Called Strike 0-1: Foul Ball, location: 2F 0-2: SINGLE (Line Drive, 5D, EV 98.1 MPH) Georges Lambert to second
|
Batting: RHB Kevin Tangeman
|
0-0: Called Strike 0-1: Swinging Strike 0-2: Ball 1-2: Ball 2-2: Ball 3-2: Fly out, F8 (Line Drive, 8LD, EV 90.0 MPH)
|
Batting: RHB Carlos de Jesus
|
0-0: Ball 1-0: Ball 2-0: Ball 3-0: Base on Balls Georges Lambert to third Brad Madden to second
|
Pitching: LHP T.J. Westover
|
|
Batting: RHB Manny Thompson
|
0-0: Ball 1-0: Called Strike 1-1: Swinging Strike 1-2: Ball 2-2: Foul Ball, location: 2F 2-2: Strikes out swinging passed ball, reaches first! Georges Lambert scores Brad Madden to third Carlos de Jesus to second
|
Batting: RHB Maurice Moore
|
0-0: Ball 1-0: Foul Ball, location: 2F 1-1: Foul Ball, location: 2F 1-2: Ball 2-2: Strikes out swinging
|
Bottom of the 5th over - 1 run, 1 hit, 0 errors, 3 left on base; Houston 3 - Colorado 2 |
TOP OF THE 6TH |
Houston Colt .45's batting - Pitching for Colorado Avalanche : RHP Kevin McKasson
|
Batting: RHB Juan Mendoza
|
0-0: Ground out 6-3 (Groundball, 6, EV 88.8 MPH)
|
Batting: RHB Jason Monico
|
0-0: Ball 1-0: Foul Ball, location: 2F 1-1: TRIPLE (Line Drive, 89XD, EV 104.4 MPH)
|
Batting: SHB Miguel Sierra
|
0-0: Called Strike 0-1: Ball 1-1: Fly out, F5 (Popup, 5F, EV 67.5 MPH)
|
Batting: RHB Russ Greer
|
0-0: Ball 1-0: SINGLE (Flyball, 78S, EV 89.4 MPH) Jason Monico scores
|
Batting: RHB Erik Smith
|
Balk! Russ Greer to second 0-0: Called Strike 0-1: Called Strike 0-2: Ball 1-2: Foul Ball, location: 2F 1-2: Ball 2-2: Ball 3-2: Fly out, F7 (Flyball, 7LS, EV 89.4 MPH)
|
Top of the 6th over - 1 run, 2 hits, 0 errors, 1 left on base; Houston 4 - Colorado 2 |
BOTTOM OF THE 6TH |
Colorado Avalanche batting - Pitching for Houston Colt .45's : LHP T.J. Westover
|
Batting: SHB Clayton Saunders
|
0-0: Ground out 6-3 (Groundball, 6, EV 108.1 MPH)
|
Batting: SHB Craig Ruzic
|
0-0: Swinging Strike 0-1: Foul Ball, location: 2F 0-2: Ball 1-2: Strikes out swinging
|
Batting: LHB Georges Lambert
|
0-0: Called Strike 0-1: Swinging Strike 0-2: Strikes out swinging
|
Bottom of the 6th over - 0 runs, 0 hits, 0 errors, 0 left on base; Houston 4 - Colorado 2 |
TOP OF THE 7TH |
Houston Colt .45's batting - Pitching for Colorado Avalanche : RHP Kevin McKasson
|
Batting: RHB Jarno van Lente
|
0-0: Ball 1-0: Foul Ball, location: 2F 1-1: Called Strike 1-2: SINGLE (Line Drive, 78S, EV 95.0 MPH)
|
Batting: SHB Chris Keziah
|
0-0: Ball Wild Pitch! Jarno van Lente to second 1-0: Ball 2-0: Called Strike 2-1: Ball 3-1: Base on Balls
|
Batting: RHB Bobby Dunn
|
0-0: Called Strike 0-1: Ball 1-1: Called Strike 1-2: Foul Ball, location: 2F 1-2: Ball 2-2: Foul Ball, location: 2F 2-2: Foul Ball, location: 2F 2-2: Ball 3-2: DOUBLE (Flyball, 78D, EV 105.6 MPH) Jarno van Lente scores Chris Keziah to third
|
Batting: LHB Bob Dietz
|
0-0: Called Strike 0-1: Foul Ball, location: 2F 0-2: Ball 1-2: DOUBLE (Line Drive, 7LS, EV 106.3 MPH) Chris Keziah scores Bobby Dunn scores
|
Pitching: RHP Bob Hayes
|
|
Batting: RHB Juan Mendoza
|
0-0: Fly out, F4 (Line Drive, 4, EV 65.0 MPH)
|
Batting: RHB Jason Monico
|
0-0: Called Strike 0-1: Called Strike Balk! Bob Dietz to third 0-2: Ball 1-2: Ball 2-2: Ground out 5-3 (Groundball, 56S, EV 84.4 MPH) Bob Dietz scores
|
Batting: SHB Miguel Sierra
|
0-0: Ball 1-0: Ground out 4-3 (Groundball, 3D, EV 107.5 MPH)
|
Top of the 7th over - 4 runs, 3 hits, 0 errors, 0 left on base; Houston 8 - Colorado 2 |
BOTTOM OF THE 7TH |
Colorado Avalanche batting - Pitching for Houston Colt .45's : LHP T.J. Westover
|
Pitching: RHP Tim Watson
|
|
Batting: RHB John Corfield
|
0-0: Ball 1-0: Ball 2-0: Called Strike 2-1: Swinging Strike 2-2: Ball 3-2: Ground out 5-3 (Groundball, 56, EV 84.4 MPH)
|
Batting: SHB Brad Madden
|
0-0: Ball 1-0: Ball 2-0: Ball 3-0: Called Strike 3-1: Base on Balls
|
Batting: RHB Kevin Tangeman
|
0-0: Called Strike 0-1: Foul Ball, location: 2F 0-2: Ball 1-2: Ball 2-2: SINGLE (Groundball, 56S, EV 63.1 MPH) (infield hit) Brad Madden to second
|
Batting: RHB Carlos de Jesus
|
0-0: Called Strike 0-1: Ball Passed Ball! Brad Madden to third Kevin Tangeman to second 1-1: Ball 2-1: Ball 3-1: Base on Balls
|
Batting: RHB Manny Thompson
|
0-0: Foul Ball, location: 2F 0-1: Fly out, F8 (Line Drive, 8LD, EV 90.0 MPH) Runner from 3rd tags up, SCORES, throw by CF Kevin Tangeman to third
|
Pinch Hitting: LHB Daniel Green
|
0-0: Foul Ball, location: 2F 0-1: Ball 1-1: Ball 2-1: Ball 3-1: Base on Balls Carlos de Jesus to second
|
Batting: SHB Clayton Saunders
|
0-0: Called Strike 0-1: Ball Passed Ball! Kevin Tangeman scores Carlos de Jesus to third Daniel Green to second 1-1: Swinging Strike 1-2: Ball 2-2: Ball 3-2: Fly out, F9 (Flyball, 9S, EV 86.3 MPH)
|
Bottom of the 7th over - 2 runs, 1 hit, 0 errors, 2 left on base; Houston 8 - Colorado 4 |
TOP OF THE 8TH |
Houston Colt .45's batting - Pitching for Colorado Avalanche : RHP Bob Hayes
|
Now at 2B: Craig Ruzic
|
|
Now in RF: Daniel Green
|
|
Batting: RHB Russ Greer
|
0-0: Hit by Pitch
|
Batting: RHB Erik Smith
|
0-0: Ball 1-0: Foul Ball, location: 2F 1-1: Grounds into double play, 6-4-3 (Groundball, 56, EV 108.1 MPH)
|
Batting: RHB Jarno van Lente
|
0-0: Ball 1-0: Foul Ball, location: 2F 1-1: Ball 2-1: Ball 3-1: Ground out 1-3 (Groundball, 25, EV 70.0 MPH)
|
Top of the 8th over - 0 runs, 0 hits, 0 errors, 0 left on base; Houston 8 - Colorado 4 |
BOTTOM OF THE 8TH |
Colorado Avalanche batting - Pitching for Houston Colt .45's : RHP Tim Watson
|
Batting: SHB Craig Ruzic
|
0-0: SINGLE (Line Drive, 6M, EV 105.6 MPH)
|
Batting: LHB Georges Lambert
|
0-0: Called Strike 0-1: Ball 1-1: Ball 2-1: Grounds into double play, 5-4-3 (Groundball, 56S, EV 90.6 MPH)
|
Batting: RHB John Corfield
|
0-0: Ball 1-0: DOUBLE (Line Drive, 3D, EV 101.9 MPH)
|
Batting: SHB Brad Madden
|
0-0: Foul Ball, location: 2F 0-1: Swinging Strike 0-2: Strikes out swinging
|
Bottom of the 8th over - 0 runs, 2 hits, 0 errors, 1 left on base; Houston 8 - Colorado 4 |
TOP OF THE 9TH |
Houston Colt .45's batting - Pitching for Colorado Avalanche : RHP Bob Hayes
|
Batting: SHB Chris Keziah
|
0-0: Ball 1-0: Ball 2-0: Called Strike 2-1: Ball 3-1: Foul Ball, location: 2F 3-2: Ground out U3 (Groundball, 3, EV 85.0 MPH)
|
Batting: RHB Bobby Dunn
|
0-0: Swinging Strike 0-1: Ball 1-1: Ball 2-1: Foul Ball, location: 2F 2-2: Fly out, F8 (Flyball, 8RXD, EV 91.9 MPH)
|
Batting: LHB Bob Dietz
|
0-0: Called Strike 0-1: SINGLE (Groundball, 13S, EV 73.8 MPH) (infield hit)
|
Batting: RHB Juan Mendoza
|
0-0: Called Strike 0-1: Fly out, F4 (Popup, 3DF, EV 71.9 MPH)
|
Top of the 9th over - 0 runs, 1 hit, 0 errors, 1 left on base; Houston 8 - Colorado 4 |
BOTTOM OF THE 9TH |
Colorado Avalanche batting - Pitching for Houston Colt .45's : RHP Tim Watson
|
Batting: RHB Kevin Tangeman
|
0-0: SINGLE (Groundball, 6MD, EV 98.8 MPH)
|
Batting: RHB Carlos de Jesus
|
0-0: Swinging Strike 0-1: Ball 1-1: Ball Wild Pitch! Kevin Tangeman to second 2-1: Swinging Strike 2-2: Ball 3-2: Foul Ball, location: 2F 3-2: Foul Ball, location: 2F 3-2: Base on Balls
|
Pinch Hitting: LHB Paul McClintock
|
0-0: Called Strike 0-1: Ball Wild Pitch! Kevin Tangeman to third Carlos de Jesus to second 1-1: Ball 2-1: Foul Ball, location: 2F 2-2: Ball 3-2: SINGLE (Groundball, 56S, EV 66.9 MPH) (infield hit) Kevin Tangeman scores Carlos de Jesus to third
|
Batting: LHB Daniel Green
|
0-0: Called Strike 0-1: Fly out, F8 (Flyball, 8LM, EV 90.0 MPH)
|
Pitching: RHP Josh Willig
|
|
Pinch Hitting: RHB Ryan Ward
|
0-0: Swinging Strike 0-1: Swinging Strike 0-2: Ball 1-2: SINGLE (Groundball, 34D, EV 103.8 MPH) Carlos de Jesus scores Paul McClintock to second
|
Batting: SHB Craig Ruzic
|
0-0: Foul Ball, location: 2F 0-1: Ball 1-1: Foul Ball, location: 2F 1-2: Fly out, F9 (Line Drive, 9, EV 110.6 MPH) Runner from 2nd tags up, SAFE at 3rd with throw by RF
|
Batting: LHB Georges Lambert
|
0-0: Ball 1-0: Ground out 4-3 (Groundball, 4, EV 82.5 MPH)
|
Bottom of the 9th over - 2 runs, 3 hits, 0 errors, 2 left on base; Houston 8 - Colorado 6 |
|